Map: Prion Terraces

Players

Nerchio - Winner!

  • Race: Zerg Zerg
  • League: Grandmaster

TYTY (TY)

  • Race: Terran Terran
  • League: Diamond

Event: DreamHack ROCCAT LotV Championship

VOD

Have the link to the VOD?

Description

Time

  • Played on: Nov. 26, 2015, 1:10 p.m.
  • Length: 10:54

All games in this series

Show
View Real Time Build Order
Export as new Build Order

Nerchio Zerg - Winner!

Build Orders: Hatch First 

Get SALT Encoding   

  12  0:00  Drone  
  13  0:12  Overlord  
  13  0:17  Drone  
  14  0:30  Drone x2  
  14  0:34  Drone  
  17  0:53  Hatchery  
  17  0:55  Drone  
  17  0:58  Drone  
  18  1:12  Spawning Pool  
  18  1:15  Drone  
  18  1:18  Drone  
  19  1:20  Extractor  
  18  1:28  Drone  
  19  1:38  Overlord  
  19  1:59  Zergling x2  
  19  2:00  Zergling x2, Queen  
  23  2:04  Queen  
  23  2:05  Zergling x2  
  26  2:11  Drone  
  27  2:17  Roach Warren  
  27  2:21  Drone  
  27  2:28  Drone  
  28  2:30  Drone  
  28  2:37  Overlord  
  29  2:41  Overlord  
  28  3:08  Roach x3  
  28  3:09  Roach x4  
  28  3:10  Roach  
  44  3:14  Roach  
  44  3:18  Overlord  
  46  3:21  Drone  
  46  3:23  Drone  
  46  3:26  Drone  
  49  3:27  Drone  
  49  3:30  Drone  
  51  3:34  Overlord  
  51  3:45  Overlord  
  51  3:46  Drone x3  
  51  3:47  Drone  
  51  3:48  Drone  
  56  3:51  Drone, Ravager  
  56  3:54  Drone  
  59  4:03  Ravager  
  59  4:08  Hatchery  
  59  4:10  Drone  
  59  4:11  Drone x2  
  59  4:15  Overlord  
  62  4:18  Overlord  
  62  4:19  Drone  
  62  4:22  Drone x2  
  62  4:23  Drone  
  66  4:27  Drone x2  
  66  4:28  Drone  
  67  4:34  Drone  
  67  4:37  Queen  
  68  4:42  Drone  
  68  4:43  Queen  
  59  4:47  Roach  
  59  4:49  Roach  
  59  4:50  Roach x2  
  59  4:51  Roach, Extractor  
  64  4:59  Spine Crawler  
  61  5:02  Roach, Extractor  
  61  5:04  Drone x4  
  66  5:12  Overlord  
  66  5:15  Queen  
  66  5:18  Overlord  
  68  5:22  Drone  
  68  5:23  Drone  
  68  5:27  Spore Crawler  
  69  5:29  Spore Crawler  
  69  5:34  Drone  
  69  5:35  Drone x2  
  70  5:36  Spore Crawler  
  70  5:37  Drone  
  70  5:40  Spore Crawler  
  69  5:43  Overlord  
  69  5:44  Extractor  
  69  5:45  Overlord, Spore Crawler  
  69  5:47  Drone x3  
  70  5:51  Lair  
  70  5:53  Evolution Chamber, Drone x2  
  70  5:54  Drone  
  70  5:55  Evolution Chamber  
  70  5:56  Drone  
  72  5:57  Drone  
  72  5:59  Drone  
  74  6:05  Drone x2  
  74  6:08  Queen  
  74  6:14  Queen  
  68  6:18  Roach  
  68  6:19  Roach x2  
  68  6:22  Zerg Missile Weapons Level 1, Extractor  
  73  6:26  Zerg Ground Armor Level 1  
  73  6:27  Roach  
  73  6:29  Overlord  
  77  6:33  Roach  
  77  6:34  Spore Crawler  
  77  6:36  Roach x2  
  80  6:40  Roach  
  78  6:47  Drone x6  
  78  6:53  Overseer  
  84  6:54  Drone x4  
  84  6:57  Glial Reconstitution  
  85  7:04  Drone  
  85  7:05  Drone  
  85  7:07  Hydralisk Den  
  82  7:20  Roach x5  
  82  7:22  Roach  
  94  7:24  Roach  
  94  7:25  Roach  
  94  7:27  Hatchery, Roach  
  99  7:30  Roach  
  99  7:31  Roach  
  99  7:32  Ravager x2  
  99  7:34  Roach  
  99  7:36  Drone  
  109  7:37  Drone  
  109  7:39  Roach  
  109  7:41  Roach  
  109  7:43  Roach x2  
  117  7:46  Overlord  
  117  7:51  Overlord  
  117  7:52  Hydralisk  
  117  7:55  Overlord, Extractor  
  117  7:56  Overlord  
  118  8:00  Overlord  
  118  8:01  Overlord  
  118  8:05  Overlord  
  118  8:10  Roach  
  118  8:11  Roach x2  
  118  8:12  Roach  
  126  8:14  Roach  
  126  8:16  Roach  
  126  8:18  Roach  
  132  8:20  Roach  
  132  8:22  Roach  
  132  8:25  Hydralisk  
  132  8:27  Hydralisk  
  138  8:28  Hydralisk  
  142  8:35  Hydralisk x2  
  139  8:42  Roach  
  139  8:43  Roach x2  
  139  8:44  Roach  
  139  8:46  Roach  
  139  8:47  Roach  
  125  8:50  Roach x2  
  125  8:52  Roach  
  119  8:56  Roach  
  119  8:58  Roach  
  119  8:59  Ravager x4  
  119  9:00  Ravager  
  119  9:02  Roach  
  130  9:04  Roach  
  130  9:05  Hydralisk  
  134  9:14  Hydralisk  
  134  9:15  Hydralisk x2  
  138  9:17  Hydralisk  
  140  9:28  Drone x3  
  140  9:29  Drone x5  
  148  9:45  Roach  
  146  9:51  Roach  
  146  9:52  Roach x5  
  140  9:53  Roach x2  
  140  9:57  Roach  
  138  10:04  Roach x4  
  146  10:11  Hydralisk x3  
  152  10:14  Overseer  
  152  10:17  Hydralisk x2  
  152  10:19  Hydralisk  
  156  10:23  Hydralisk  
  156  10:26  Hydralisk  
  154  10:30  Roach x3  
Show
View Real Time Build Order
Export as new Build Order

TYTY Terran 

Build Orders: Reaper Expand, Hellion Banshee 

Get SALT Encoding   

  12  0:00  SCV  
  13  0:13  SCV  
  14  0:17  Supply Depot  
  14  0:25  SCV  
  15  0:40  Barracks  
  15  0:43  Refinery  
  15  0:44  SCV  
  16  0:56  SCV  
  17  1:08  SCV  
  19  1:27  Reaper  
  19  1:28  Orbital Command  
  19  1:39  Command Center  
  19  1:50  Supply Depot  
  19  1:54  SCV  
  19  1:59  Marine  
  21  2:04  Factory  
  21  2:08  SCV  
  22  2:18  Refinery  
  22  2:20  SCV  
  22  2:22  Barracks Reactor  
  23  2:32  SCV  
  24  2:44  SCV  
  24  2:51  Orbital Command  
  25  2:55  Starport  
  25  2:56  SCV  
  26  3:03  Hellion x2  
  30  3:08  SCV  
  32  3:17  SCV  
  32  3:18  Bunker  
  32  3:19  Barracks Tech Lab  
  32  3:20  SCV  
  32  3:24  Hellion  
  35  3:29  SCV  
  35  3:30  Hellion  
  35  3:33  SCV  
  39  3:44  Banshee  
  39  3:46  Hellion  
  44  3:52  Hellion  
  44  3:56  Bunker  
  44  3:59  Supply Depot  
  44  4:01  Marine  
  45  4:12  Supply Depot  
  45  4:19  Marine  
  45  4:20  Hellion x2  
  45  4:21  Supply Depot  
  45  4:23  Engineering Bay  
  47  4:33  Banshee  
  47  4:37  SCV  
  47  4:38  SCV  
  44  4:46  Hellion  
  44  4:49  SCV  
  44  4:51  SCV  
  45  4:55  Cloaking Field  
  44  5:02  SCV  
  44  5:04  SCV  
  46  5:16  Banshee  
  49  5:22  SCV  
  49  5:23  SCV  
  49  5:28  Marine x2  
  51  5:34  Factory Tech Lab  
  53  5:38  SCV x2  
  53  5:47  Marine  
  53  5:48  Command Center, Marine  
  55  5:52  SCV x2  
  55  5:55  Siege Tank  
  60  6:01  Supply Depot  
  60  6:05  Marine x2  
  60  6:10  SCV  
  62  6:12  SCV  
  62  6:16  Banshee  
  62  6:22  SCV  
  62  6:24  SCV  
  66  6:28  Supply Depot  
  66  6:29  Bunker  
  64  6:33  Siege Tank  
  64  6:35  Marine  
  64  6:36  Marine  
  64  6:39  SCV  
  70  6:50  SCV, Engineering Bay  
  70  6:51  Engineering Bay  
  70  6:52  SCV  
  72  6:55  Marine  
  73  7:02  SCV  
  73  7:05  Siege Tank  
  73  7:06  SCV x2  
  77  7:08  Marine  
  77  7:12  Marine  
  77  7:15  Banshee  
  79  7:18  Terran Infantry Weapons Level 1  
  79  7:20  SCV  
  77  7:22  Orbital Command  
  77  7:29  Marine  
  78  7:30  Marine  
  78  7:32  SCV  
  81  7:41  Barracks  
  81  7:42  Barracks  
  81  7:43  Siege Tank  
  83  7:46  SCV  
  83  7:47  SCV, Orbital Command  
  86  7:59  SCV  
  86  8:02  SCV  
  87  8:08  Barracks  
  87  8:09  Barracks  
  87  8:11  SCV, Bunker, Marine  
  87  8:12  Supply Depot  
  89  8:13  Stimpack  
  89  8:16  SCV x2  
  89  8:19  Refinery  
  91  8:20  Terran Infantry Armor Level 1  
  91  8:23  SCV  
  91  8:26  Starport Reactor  
  92  8:28  SCV  
  92  8:30  Refinery  
  93  8:34  Marine  
  93  8:36  SCV x2  
  93  8:37  Bunker  
  93  8:41  Siege Tank  
  93  8:42  SCV  
  93  8:48  SCV  
  89  8:54  SCV  
  89  8:55  SCV  
  85  8:59  Marine x3  
  85  9:00  Marine x2  
  85  9:02  Marine  
  90  9:06  SCV, Refinery  
  90  9:07  SCV  
  90  9:08  Refinery  
  92  9:12  Medivac  
  92  9:15  Siege Tank  
  91  9:17  Marine x2  
  91  9:20  Marine x3  
  91  9:29  SCV x2  
  89  9:34  Marine  
  89  9:35  Supply Depot, Marine  
  89  9:38  Marine  
  90  9:39  Marine x2  
  90  9:47  Orbital Command  
  90  9:48  Marine  
  90  9:50  SCV x2  
  90  9:52  Marine x2  
  86  9:55  Siege Tank  
  86  9:56  Marine  
  86  9:57  Marine  
  84  10:01  Medivac  
  84  10:06  Marine x2  
  87  10:12  Marine x2  
  89  10:17  Medivac  
  89  10:29  Marine x3  

Tags
 
Add a new tag
Caveats
  • Supply blocks, unpowered buildings, or Contaminate may cause inaccurate times.
  • Supply counts are checked every 10 seconds.